 Dungeon Crawl Stone Soup version 0.16.1-30-g34a7ffa (webtiles) character file.

109739 Nanaya the Bewitcher (level 16, -14/115 HPs)
             Began as a Vampire Enchanter on June 20, 2015.
             Was the Champion of Sif Muna.
             Killed from afar by Azrael (35 damage)
             ... with a blast of hellfire
             ... on level 1 of the Snake Pit on June 21, 2015.
             The game lasted 03:39:11 (60552 turns).

Nanaya the Bewitcher (Vampire Enchanter)           Turns: 60552, Time: 03:39:11

Health: -14/115    AC: 11    Str:  7    XL:     16   Next: 5%
Magic:  0/32       EV: 15    Int: 17    God:    Sif Muna [******]
Gold:   1108       SH:  4    Dex: 19    Spells: 10 memorised, 5 levels left

rFire  + . .     SeeInvis +     R - +4 long sword (drain)
rCold  . . .     Clarity  .     S - +1 scale mail {rF+}
rNeg   + . .     SustAb   .     W - +0 buckler {reflect}
rPois  .         Gourm    .     d - +1 hat {Spirit}
rElec  .         Spirit   +     Q - +0 cloak {+Inv}
rCorr  +         Warding  .     P - +0 pair of gloves
rMut   .         Stasis   .     U - +0 pair of boots
MR     +....                    O - amulet of resist corrosion
Stlth  ++++++....               I - ring of stealth
                                M - +4 ring of evasion

@: about to teleport, repel missiles, somewhat resistant to hostile
enchantments, very stealthy
A: bottle blood, fangs 3, see invisible, unbreathing
a: Bat Form, Channel Energy, Forget Spell, Renounce Religion, Evoke Invisibility


You were on level 1 of the Snake Pit.
You worshipped Sif Muna.
Sif Muna was exalted by your worship.
You were not thirsty.

You visited 4 branches of the dungeon, and saw 26 of its levels.

You collected 2067 gold pieces.
You spent 959 gold pieces at shops.

Inventory:

Hand weapons
 a - a +2 dagger
 e - a +3 scimitar of flaming
 q - a +0 blowgun
 R - a +4 long sword of draining (weapon)
Missiles
 r - 15 poisoned needles
Armour
 d - a +1 hat of spirit shield (worn)
 P - a +0 pair of gloves (worn)
 Q - a +0 cloak of invisibility (worn)
 S - a +1 scale mail of fire resistance (worn)
 U - a +0 pair of boots (worn)
 W - a +0 buckler of reflection (worn)
Jewellery
 c - an uncursed ring of protection from cold
 h - an uncursed ring of protection from cold
 u - the ring of Xom's Scorn {Int+4 Slay-2}
   (You found it on level 2 of the Lair of Beasts)

   [ring of slaying]

   It affects your intelligence (+4).
   It affects your accuracy and damage with ranged weapons and melee attacks
   (-2).
 I - a ring of stealth (right hand)
 J - an uncursed ring of flight
 M - a +4 ring of evasion (left hand)
 O - an amulet of resist corrosion (around neck)
 Y - an uncursed ring of magical power
Magical devices
 b - a wand of teleportation (4)
 y - a wand of polymorph (12)
 z - a wand of draining (4)
 A - a wand of slowing (39)
 B - a wand of frost (17)
 C - a wand of hasting (6)
Scrolls
 g - a scroll of immolation
 j - 6 scrolls of remove curse
 n - a scroll of identify (quivered)
 v - 2 scrolls of fear
 w - 3 scrolls of recharging
 G - 2 scrolls of teleportation
 K - 2 scrolls of enchant armour
 L - a scroll of random uselessness
 T - a scroll of fog
 X - a scroll of magic mapping {unknown}
Potions
 l - 3 potions of lignification
 m - 2 potions of agility
 o - a potion of magic
 p - 3 potions of haste
 s - a potion of invisibility
 t - 5 potions of flight
 x - 2 potions of might
 D - 6 potions of berserk rage
 F - a potion of curing
 N - a potion of heal wounds
 Z - a potion of cancellation
Books
 i - a book of Battle

   Spells                             Type                      Level
   a - Infusion                       Charms                       1
   b - Shroud of Golubria             Charms/Translocation         2
   c - Song of Slaying                Charms                       2
   d - Spectral Weapon                Hexes/Charms                 3
   e - Regeneration                   Charms/Necromancy            3
 k - a book of Air

   Spells                             Type                      Level
   a - Shock                          Conjuration/Air              1
   b - Swiftness                      Charms/Air                   2
   c - Repel Missiles                 Charms/Air                   2
   d - Flight                         Charms/Air                   3
   e - Static Discharge               Conjuration/Air              3
   f - Lightning Bolt                 Conjuration/Air              5
 V - a book of Callings

   Spells                             Type                      Level
   a - Summon Small Mammal            Summoning                    1
   b - Call Imp                       Summoning                    2
   c - Call Canine Familiar           Summoning                    3
   d - Summon Guardian Golem          Hexes/Summoning              4
   e - Summon Lightning Spire         Summoning/Air                4
   f - Summon Ice Beast               Ice/Summoning                4
Miscellaneous
 f - a box of beasts


   Skills:
 - Level 7.5 Fighting
 - Level 1.1(10.3) Short Blades
 - Level 14.2(14.3) Long Blades
   Level 0.2(0.4) Maces & Flails
   Level 0.4(0.5) Staves
 - Level 0.5 Throwing
 - Level 0.2 Armour
 - Level 10.0 Dodging
 - Level 12.0 Stealth
 - Level 0.4 Unarmed Combat
 - Level 9.0 Spellcasting
 - Level 17.4 Hexes
 * Level 7.1 Charms
 - Level 7.9 Summonings
 - Level 6.2 Air Magic
 - Level 1.0 Earth Magic
 - Level 0.3 Invocations
 - Level 1.1 Evocations


You had 5 spell levels left.
You knew the following spells:

 Your Spells              Type           Power        Failure   Level  Hunger
a - Corona                Hex            ######.      1%          1    None
b - Ensorcelled Hibernat  Hex/Ice        #####.       12%         2    None
c - Confuse               Hex            ######..     1%          3    None
d - Summon Guardian Gole  Hex/Summ       ######..     14%         4    ###....
e - Cause Fear            Hex            ######....   1%          4    ###....
f - Leda's Liquefaction   Hex/Erth       #####.....   58%         4    ###....
g - Repel Missiles        Chrm/Air       ####..       24%         2    None
h - Swiftness             Chrm/Air       ####....     24%         2    None
i - Flight                Chrm/Air       ####......   47%         3    None
j - Spectral Weapon       Hex/Chrm       #####...     4%          3    None


Dungeon Overview and Level Annotations

Branches:
Dungeon (13/15)            Temple (0/1) D:5            Lair (7/8) D:9
  Swamp (0/5) Lair:4        Snake (2/5) Lair:3        Slime (0/6) Lair:6
    Orc (4/4) D:10
    Elf: Orc:3-4     Vaults: D:13-14

Altars:
Elyvilon
Fedhas
Gozag
Makhleb
Okawaru
Sif Muna
Vehumet
Beogh
Jiyva

Shops:
D:8 *   D:9 }[**:   Orc:1 (([=*   Orc:3 :   Snake:1 (

Annotations:
Lair:6 1 runed door
Snake:1 Azrael
Snake:2 Rupert


Innate Abilities, Weirdness & Mutations

You can bottle blood from corpses.
You have razor-sharp teeth.
You have supernaturally acute eyesight.
You can survive without breathing.


Message History

The fireball explodes!
The fireball engulfs you! You resist.
The fireball engulfs Azrael.
Azrael completely resists.
You hit Azrael. You bite Azrael.
Azrael is heavily wounded.
Azrael gestures at you.
The hellfire explodes!
The blast of hellfire engulfs you!
* * * LOW HITPOINT WARNING * * *
The blast of hellfire engulfs Azrael.
Azrael completely resists.
You are too injured to fight recklessly!
Read which item? (? for menu, Esc to quit)
As you read the scroll of fear, it crumbles to dust.
You assume a fearsome visage.
Azrael is unaffected.
The mana viper looks frightened!
Azrael misses you.
Read which item? (? for menu, Esc to quit)
As you read the scroll of teleportation, it crumbles to dust.
You feel strangely unstable.
Azrael blows smoke rings.
Azrael gestures at you.
The hellfire explodes!
The blast of hellfire engulfs you!
You die...

#### ### ##### ###
###).####.###### #####...###.#
#@##....#..#.#.#
#|..........###R##...........###
###......).#....##...)...##....#
####..##...##.[##...#.##.#.#....#
.....#########.######...###......
.....# ### ##### ##..... ...###
###... ...# ##.. ...# ##.


You could see Azrael.

Vanquished Creatures
  Gastronok (D:9)
  Snorg (Orc:1)
  An ettin (D:11)
  The ghost of Krapule the Blocker, a powerful FoFi of Qazlal (D:10)
  2 anacondas (Snake:1)
  5 hydras
  Erica (Lair:5)
  4 centaur warriors
  3 death yaks
  2 unseen horrors
  A skeletal warrior (D:8)
  2 naga ritualists (Snake:1)
  9 hill giants
  2 mana vipers (Snake:1)
  An oklob plant (Lair:5)
  A manticore (D:11)
  2 ugly things
  A griffon (D:11)
  A centaur zombie (D:12)
  16 black mambas
  Maurice (D:9)
  12 spiny frogs
  13 elephants
  2 naga magi
  A torpor snail (Lair:6)
  A centaur skeleton (D:10)
  A queen bee (Lair:2)
  9 komodo dragons
  9 trolls
  A fire drake (Lair:3)
  A two-headed ogre (D:11)
  Grinder (D:4)
  27 blink frogs
  A spriggan (Lair:4)
  3 basilisks
  59 yaks
  8 slime creatures
  A shadow (D:13)
  13 hippogriffs
  2 deep elf magi
  Eustachio (D:4)
  A wraith (D:12)
  3 wyverns
  5 hungry ghosts
  A steam dragon (D:10)
  A mottled dragon (D:11)
  8 vampire mosquitoes
  20 water moccasins
  2 wargs (Orc:2)
  14 nagas
  20 wolves
  9 orc warriors
  9 porcupines
  Purgy (D:4)
  4 ice beasts
  An eye of draining (D:10)
  3 sky beasts
  13 ogres
  6 phantoms
  4 black bears
  A boring beetle (shapeshifter) (D:11)
  14 crocodiles
  19 centaurs
  A boring beetle (Lair:5)
  The ghost of Turgon the Stinger, an average OpVM of Vehumet (D:6)
  32 giant frogs
  11 big kobolds
  A wyvern zombie (D:9)
  3 scorpions
  30 killer bees
  3 electric eels
  15 wights
  10 crimson imps
  5 goliath beetles
  15 hounds
  3 giant frog zombies
  11 jellies
  17 orc priests
  6 giant frog skeletons
  A quasit (D:8)
  12 iguanas
  18 orc wizards
  17 worker ants
  22 sheep
  A hound zombie (D:7)
  Terence (D:2)
  A hound skeleton (D:4)
  2 worker ant zombies
  A mummy (D:7)
  Robin (D:1)
  4 gnolls
  32 adders
  103 river rats
  2 giant mites
  4 worms
  8 shadow imps
  An adder skeleton (D:7)
  19 oozes
  125 orcs
  2 ball pythons
  15 bats
  A bat skeleton (D:6)
  4 giant cockroaches
  27 goblins
  19 hobgoblins
  7 giant geckos
  2 giant gecko skeletons
  A giant gecko zombie (D:10)
  4 giant newts
  A giant spore (D:13)
  15 jackals
  29 kobolds
  16 quokkas
  A quokka skeleton (D:5)
  19 rats
  19 ballistomycetes (D:9)
  A bush (Lair:5)
  2 fungi (Lair:3)
1107 creatures vanquished.

Vanquished Creatures (collateral kills)
  5 killer bees
  An orc wizard (D:9)
6 creatures vanquished.

Vanquished Creatures (others)
  A crimson imp (D:13)
  9 giant spores (D:9)
  A quokka zombie (D:9)
  3 ballistomycetes (D:9)
  5 fungi
  3 plants
22 creatures vanquished.

Grand Total: 1135 creatures vanquished

Notes
Turn   | Place    | Note
--------------------------------------------------------------
     0 | D:1      | Nanaya, the Vampire Enchanter, began the quest for the Orb.
     0 | D:1      | Reached XP level 1. HP: 13/13 MP: 3/3
   498 | D:1      | Reached skill level 5 in Hexes
   569 | D:1      | Reached XP level 2. HP: 13/19 MP: 4/4
   671 | D:1      | Learned a level 2 spell: Ensorcelled Hibernation
  1583 | D:2      | Noticed Terence
  2671 | D:2      | Reached skill level 6 in Hexes
  2829 | D:2      | Reached XP level 3. HP: 22/24 MP: 6/6
  2860 | D:2      | Learned a level 3 spell: Confuse
  2882 | D:2      | Killed Terence
  3227 | D:2      | Noticed Robin
  3494 | D:1      | Killed Robin
  3494 | D:1      | Reached skill level 7 in Hexes
  3558 | D:2      | Reached XP level 4. HP: 30/30 MP: 2/7
  4388 | D:2      | Reached skill level 8 in Hexes
  5115 | D:3      | Reached XP level 5. HP: 32/35 MP: 6/9
  5697 | D:4      | Found a deep blue altar of Sif Muna.
  5818 | D:4      | Became a worshipper of Sif Muna the Loreminder
  5860 | D:4      | Reached skill level 9 in Hexes
  5927 | D:4      | Noticed an ogre
  5945 | D:4      | Killed an ogre
  5945 | D:4      | Reached XP level 6. HP: 33/41 MP: 7/10
  6013 | D:4      | Noticed Purgy
  6030 | D:4      | Killed Purgy
  6030 | D:4      | Reached skill level 10 in Hexes
  6162 | D:4      | Found a radiant altar of Vehumet.
  6232 | D:4      | Noticed Eustachio
  6463 | D:4      | Killed Eustachio
  6463 | D:4      | Acquired Sif Muna's first power
  6463 | D:4      | Reached skill level 11 in Hexes
  6463 | D:4      | Reached XP level 7. HP: 44/46 MP: 12/12
  6746 | D:4      | Noticed Grinder
  6760 | D:4      | Killed Grinder
  6865 | D:5      | Entered Level 5 of the Dungeon
  7062 | D:5      | Found a radiant altar of Vehumet.
  7082 | D:5      | Acquired Sif Muna's second power
  7140 | D:5      | Reached skill level 5 in Spellcasting
  7199 | D:5      | Reached skill level 5 in Stealth
  7211 | D:5      | Reached XP level 8. HP: 50/52 MP: 20/20
  7250 | D:5      | Found a staircase to the Ecumenical Temple.
  7524 | D:5      | Found a radiant altar of Vehumet.
  9067 | D:6      | Reached skill level 10 in Stealth
 10156 | D:6      | Noticed Turgon's ghost (average OpVM)
 10165 | D:6      | Killed Turgon's ghost
 10165 | D:6      | Reached skill level 12 in Stealth
 10165 | D:6      | Reached XP level 9. HP: 57/57 MP: 15/21
 12281 | D:7      | Reached skill level 1 in Fighting
 12456 | D:8      | Found an opulent altar of Gozag.
 12459 | D:8      | Found Gozag's Platinum Reserve.
 12978 | D:8      | Reached skill level 5 in Fighting
 13201 | D:8      | Found a blossoming altar of Fedhas.
 13609 | D:8      | Reached XP level 10. HP: 68/75 MP: 17/25
 13665 | D:8      | Found a white marble altar of Elyvilon.
 13668 | D:8      | Found an iron altar of Okawaru.
 13671 | D:8      | Found a burning altar of Makhleb.
 13850 | D:9      | Found Sulufuef's Assorted Antiques.
 13850 | D:9      | Noticed a skeletal warrior
 13852 | D:9      | Noticed a skeletal warrior
 13852 | D:9      | Noticed a skeletal warrior
 14354 | D:10     | Entered Level 10 of the Dungeon
 14691 | D:10     | Found a staircase to the Orcish Mines.
 15016 | D:10     | Reached skill level 1 in Evocations
 15294 | D:10     | Noticed a hill giant
 15362 | D:10     | Killed a hill giant
 15635 | D:10     | Noticed Krapule's ghost (powerful FoFi)
 15694 | D:9      | Found Pra Xeask's Gadget Shop.
 15843 | D:9      | Found Clasuam's Armour Shop.
 16038 | D:9      | Noticed Gastronok
 18789 | D:10     | Noticed a hill giant
 18899 | D:10     | Killed a hill giant
 19094 | D:10     | Reached XP level 11. HP: 84/84 MP: 24/28
 19143 | D:9      | Found Wuddopul's Assorted Antiques.
 19204 | D:8      | Reached skill level 5 in Dodging
 19482 | D:8      | Killed a skeletal warrior
 20175 | D:10     | Noticed a hill giant
 20193 | D:10     | Killed a hill giant
 20261 | D:11     | Noticed an ettin
 20263 | D:11     | Noticed a tengu reaver
 20301 | D:11     | Killed an ettin
 20869 | D:9      | Noticed Maurice
 20883 | D:9      | Killed Maurice
 20970 | D:9      | Found Jadgheje's Book Emporium.
 22780 | D:11     | Reached skill level 10 in Dodging
 23515 | D:11     | Acquired Sif Muna's third power
 23524 | D:11     | Reached skill level 13 in Hexes
 24266 | D:11     | Noticed a hill giant
 24295 | D:11     | Killed a hill giant
 24341 | D:11     | Reached XP level 12. HP: 85/91 MP: 29/29
 24482 | D:11     | Reached skill level 14 in Hexes
 24734 | D:11     | Noticed a hill giant
 24752 | D:11     | Noticed a hill giant
 25379 | D:11     | Killed a hill giant
 25379 | D:11     | Reached skill level 15 in Hexes
 25984 | D:12     | Reached skill level 16 in Hexes
 27143 | D:12     | Reached skill level 17 in Hexes
 27226 | D:12     | Received a gift from Sif Muna
 27227 | D:12     | Identified Koareox's Incunabulum of Dusty Bewitchment (Sif Muna gifted it to you on level 12 of the Dungeon)
 27233 | D:12     | Learned a level 4 spell: Summon Guardian Golem
 27238 | D:12     | Learned a level 4 spell: Cause Fear
 27323 | D:12     | Reached skill level 1 in Summonings
 27731 | D:12     | Noticed a centaur warrior
 27749 | D:12     | Killed a centaur warrior
 29436 | D:9      | Noticed a centaur warrior
 31327 | Orc:1    | Entered Level 1 of the Orcish Mines
 31327 | Orc:1    | Found Cuethrun's General Store.
 31526 | Orc:2    | Reached skill level 1 in Long Blades
 31587 | Orc:1    | Found Gauzaic's Weapon Shoppe.
 31595 | Orc:1    | Found Grin's Antique Armour Emporium.
 31610 | Orc:1    | Found Heezaam's Jewellery Shop.
 31624 | Orc:1    | Bought an embroidered cloak for 108 gold pieces
 31634 | Orc:1    | Found a roughly hewn altar of Beogh.
 31747 | Orc:1    | Noticed Snorg
 31774 | Orc:1    | Killed Snorg
 32063 | Orc:1    | Found Unosyjaloa's Weapon Emporium.
 32194 | Orc:2    | Reached skill level 5 in Summonings
 32730 | D:8      | Learned a level 4 spell: Leda's Liquefaction
 33893 | D:11     | Killed a hill giant
 33893 | D:11     | Reached skill level 1 in Earth Magic
 33893 | D:11     | Reached XP level 13. HP: 96/96 MP: 26/30
 36852 | D:10     | Killed Krapule's ghost
 37069 | Orc:3    | Found Cuethrun's Book Shoppe.
 37116 | Orc:3    | Bought a book of Clouds for 630 gold pieces
 37394 | Orc:4    | Entered Level 4 of the Orcish Mines
 37865 | D:9      | Bought a jewelled silver wand for 112 gold pieces
 37865 | D:9      | Bought a bubbling white potion for 25 gold pieces
 37865 | D:9      | Bought a potion of curing for 84 gold pieces
 37926 | D:9      | Killed Gastronok
 37926 | D:9      | Reached skill level 5 in Long Blades
 37948 | D:9      | Killed a centaur warrior
 38259 | D:9      | Found a staircase to the Lair.
 38388 | Lair:1   | Entered Level 1 of the Lair of Beasts
 40169 | Lair:1   | Received a gift from Sif Muna
 40169 | Lair:1   | Reached XP level 14. HP: 103/103 MP: 21/31
 44273 | Lair:2   | Got a heavily runed brass ring
 45712 | Lair:3   | Reached skill level 10 in Long Blades
 45745 | Lair:3   | Reached XP level 15. HP: 108/108 MP: 22/32
 46188 | Lair:3   | Found a staircase to the Snake Pit.
 47780 | Lair:4   | Identified the cursed ring of Xom's Scorn {Int+4 Slay-2} (You found it on level 2 of the Lair of Beasts)
 47868 | Lair:4   | Found a staircase to the Snake Pit.
 48978 | Lair:4   | Found a staircase to the Swamp.
 50744 | Lair:5   | Noticed Erica
 50753 | Lair:5   | Killed Erica
 53252 | Lair:6   | Found a runed door.
 53883 | Lair:6   | Found a viscous altar of Jiyva.
 53883 | Lair:6   | Noticed an azure jelly
 53884 | Lair:6   | Found a staircase to the Slime Pits.
 53884 | Lair:6   | Noticed an azure jelly
 56931 | Lair:6   | Learned a level 2 spell: Repel Missiles
 57147 | Lair:5   | Reached skill level 1 in Charms
 57653 | Snake:1  | Entered Level 1 of the Snake Pit
 57971 | Snake:1  | Reached skill level 5 in Charms
 58129 | Snake:1  | Found Neapsecw's Weapon Shop.
 58668 | Snake:1  | Learned a level 2 spell: Swiftness
 58672 | Snake:1  | Learned a level 3 spell: Flight
 58741 | Snake:1  | Reached XP level 16. HP: 104/115 MP: 19/32
 58934 | Snake:1  | Received a gift from Sif Muna
 59396 | Snake:2  | Learned a level 3 spell: Spectral Weapon
 59456 | Snake:2  | Got a warped scale mail
 59467 | Snake:2  | Identified the cursed -6 scale mail of Demons {rF+ MR+} (You found it on level 2 of the Snake Pit)
 59918 | Snake:2  | Noticed Rupert
 59927 | Snake:2  | Paralysed by Rupert for 7 turns
 60536 | Snake:2  | Noticed Azrael
 60552 | Snake:1  | Killed from afar by Azrael

Action                   |  1- 3 |  4- 6 |  7- 9 | 10-12 | 13-15 | 16-18 || total
-------------------------+-------+-------+-------+-------+-------+-------++-------
Melee: Dagger            |   107 |   155 |   566 |  1123 |  1467 |       ||  3418
       Short sword       |       |       |       |   390 |       |       ||   390
       Long sword        |       |       |       |    34 |   268 |     8 ||   310
       Staff             |       |       |       |       |    10 |       ||    10
       Unarmed           |       |       |       |       |     6 |       ||     6
       Scimitar          |       |       |       |       |   498 |    58 ||   556
 Fire: Blowgun           |       |       |    14 |    19 |     9 |       ||    42
 Cast: Ensorcelled Hiber |    18 |     8 |    43 |    88 |   303 |       ||   460
       Corona            |     1 |       |       |     1 |       |       ||     2
       Confuse           |     6 |    17 |    88 |   323 |   200 |     7 ||   641
       Cause Fear        |       |       |       |     6 |     1 |       ||     7
       Leda's Liquefacti |       |       |       |     2 |       |       ||     2
       Repel Missiles    |       |       |       |       |       |     1 ||     1
       Swiftness         |       |       |       |       |       |     1 ||     1
       Spectral Weapon   |       |       |       |       |       |     1 ||     1
Invok: Channel Energy    |       |       |     1 |       |     1 |       ||     2
 Abil: End Transformatio |       |       |     1 |     9 |     5 |     1 ||    16
       Bat Form          |       |       |     1 |     9 |     5 |     1 ||    16
       Evoke Invisibilit |       |       |       |       |     1 |       ||     1
  Use: Scroll            |       |     3 |     6 |    10 |     9 |     4 ||    32
       Potion            |       |       |    10 |    23 |    12 |       ||    45
 Stab: Sleeping          |    21 |    10 |    47 |    77 |   238 |     3 ||   396
       Confused          |     2 |    12 |    57 |   178 |   149 |     7 ||   405
       Distracted        |       |       |     1 |     3 |     6 |       ||    10
       Invisible         |       |       |       |     3 |       |       ||     3
  Eat: Corpse            |     9 |    11 |    15 |    29 |    48 |     2 ||   114
